AoeStats
← khiemkocodua

Lombardia

507915319Analyzed
4v4 RM · 11d ago on Sep 20, 2026· 34m 58s· 8 players
Game mode
Random Map
Map size
Large (8 player)
Population
200
Speed
Normal
Resources
Standard
Victory
Conquest
Starting age
Dark Age
Ending age
Imperial Age
RankedLock teamsTeams togetherTeam positionsShared explorationLock speedFull tech treeHidden civsTurbo modeCheats
Victory
Defeat
🇨🇳 Poles · China
1323
+8
1310
+8
🇺🇸 Persians · United States
1124
+15
🇨🇳 Italians · China
825
+26
🇦🇺 Burmese · Australia
1140
-16
🇻🇳 Teutons · Vietnam
1118
-15
🇨🇳 Wu · China
1088
-13
🇦🇺 Mongols · Australia
1085
-13
King Bourbon
0:29 Loom
13:48 Feudal Age
21:29 Castle Age
21:39 Fletching
22:32 Bodkin Arrow
26:18 Double-Bit Axe
30:46 Ballistics
khiemkocodua
6:06 Loom
11:37 Feudal Age
16:54 Castle Age
15:08 Double-Bit Axe
15:12 Horse Collar
17:50 Wheelbarrow
18:24 Bow Saw
19:00 Gold Mining
19:01 Stone Mining
19:26 Heavy Plow
22:01 Stone Mining
24:22 Town Watch
26:43 Hand Cart
30:23 Imperial Age
28:44 Scale Mail Armor
28:55 Forging
29:28 Squires
29:03 Pikeman
29:29 Arson
29:30 Gambesons
31:30 Conscription
31:51 Chain Mail Armor
32:12 Iron Casting
33:17 Plate Mail Armor
33:12 Halberdier
35:25 Blast Furnace
ScotchAndSkirms
6:36 Loom
7:04 Loom
10:09 Feudal Age
12:11 Horse Collar
20:36 Castle Age
19:29 Bloodlines
20:05 Forging
21:31 Husbandry
21:38 Scale Barding Armor
25:13 Wheelbarrow
25:54 Light Cavalry
28:22 Heavy Plow
34:10 Imperial Age
32:27 Hand Cart
31:57 Town Watch
33:27 Chain Barding Armor
33:42 Iron Casting
34:13 Elite Battle Elephant
35:30 Plate Barding Armor
JebusLorenzo
11:27 Feudal Age
12:58 Double-Bit Axe
13:26 Horse Collar
13:41 Gold Mining
16:05 Castle Age
21:45 Wheelbarrow
21:26 Bow Saw
21:15 Pikeman
27:24 Heavy Plow
32:18 Imperial Age
29:23 Light Cavalry
29:56 Fletching
30:09 Padded Archer Armor
30:48 Bloodlines
32:05 Ballistics
33:11 Bodkin Arrow
33:31 Leather Archer Armor
33:27 Forging
33:23 Scale Barding Armor
34:58 Chemistry
碧蓝档案糕手
2:56 Double-Bit Axe
10:36 Feudal Age
14:27 Castle Age
12:53 Bow Saw
12:43 Horse Collar
17:42 Loom
21:25 Wheelbarrow
21:11 Town Watch
23:25 Pikeman
24:05 Squires
23:51 Arson
28:08 Imperial Age
26:22 Fletching
27:16 Bodkin Arrow
28:14 Cavalier
28:55 Husbandry
29:01 Heavy Plow
29:56 Forging
29:51 Paladin
31:13 Scale Barding Armor
33:09 Chain Barding Armor
33:24 Iron Casting
34:13 Hand Cart
36:30 Blast Furnace
Dreamblack
8:32 Loom
11:26 Feudal Age
12:32 Double-Bit Axe
16:15 Castle Age
14:02 Horse Collar
17:22 Bow Saw
16:52 Pikeman
23:22 Gold Mining
23:55 Heavy Plow
24:54 Szlachta Privileges
25:06 Stone Mining
25:36 Scale Barding Armor
29:25 Imperial Age
27:16 Bloodlines
27:21 Husbandry
28:42 Wheelbarrow
28:48 Chain Barding Armor
28:39 Forging
29:27 Squires
29:55 Town Watch
29:31 Cavalier
30:34 Conscription
33:08 Iron Casting
32:23 Fletching
33:58 Stone Shaft Mining
83716497273
4:58 Loom
10:53 Feudal Age
14:23 Castle Age
12:12 Double-Bit Axe
13:03 Horse Collar
15:30 Bow Saw
15:26 Heavy Plow
24:15 Gold Mining
24:21 Stone Mining
25:05 Treadmill Crane
25:43 Loom
26:37 Wheelbarrow
30:02 Imperial Age
27:20 Loom
27:21 Town Watch
27:40 Padded Archer Armor
28:36 Leather Archer Armor
28:12 Fletching
28:36 Murder Holes
29:01 Ballistics
29:25 Stone Shaft Mining
29:33 Hand Cart
29:18 Town Patrol
30:07 Bodkin Arrow
30:53 Town Patrol
31:57 Chemistry
32:48 Ring Archer Armor
33:24 Two-Man Saw
33:00 Crop Rotation
33:47 Bracer
34:52 Conscription
35:03 Thumb Ring
PAINTER
10:02 Feudal Age
10:20 Loom
15:37 Castle Age
14:40 Double-Bit Axe
15:38 Horse Collar
27:38 Imperial Age
26:52 Wheelbarrow
27:03 Scale Barding Armor
27:20 Forging
27:45 Stone Mining
31:27 Chemistry
30:58 Husbandry
33:22 Hand Cart
34:44 Cavalier
35:35 Bloodlines
Connection lost

Rejoining the realm…

Still unreachable

The connection could not be restored.

Session expired

The server has moved on; the page needs a fresh start.